 Dungeon Crawl Stone Soup version 0.30-a0-626-gd6a5dd7a1f (webtiles) character file.

Game seed: 9535957266768945817

125 ryw the Grave Robber (level 4, 0/24 HPs)
             Began as a Deep Elf Necromancer on Jan 12, 2023.
             Slain by a goblin
             ... wielding a +0 club
             ... led by Robin
              (6 damage)
             ... on level 3 of the Dungeon.
             The game lasted 00:04:47 (2326 turns).

ryw the Grave Robber (Deep Elf Necromancer)         Turns: 2326, Time: 00:04:48

Health: 0/24       AC:  4    Str:  5    XL:     4   Next: 82%
Magic:  1/12       EV: 12    Int: 22    God:
Gold:   55         SH:  0    Dex: 15    Spells: 2/11 levels left

rFire   . . .      SeeInvis .    f - +0 dagger
rCold   . . .      Faith    .    (no shield)
rNeg    . . .      Spirit   .    a - +0 robe
rPois   .          Reflect  .    j - +1 helmet
rElec   .          Harm     .    (no cloak)
rCorr   .          Rampage  .    (no gloves)
Will    .....                    (no boots)
Stlth   ++                       (no amulet)
HPRegen 0.24/turn                (no ring)
MPRegen 0.13/turn                (no ring)

@: animating dead
A: no striking features
a: no special abilities


You were on level 3 of the Dungeon.
You visited 1 branch of the dungeon, and saw 3 of its levels.

You collected 55 gold pieces.

Inventory:

Hand Weapons
 f - a +0 dagger (weapon)
Missiles
 l - 3 curare-tipped darts
Armour
 a - a +0 robe (worn)
 j - a +1 helmet (worn)
 q - a +2 buckler of poison resistance
Wands
 t - a wand of digging (5)
Scrolls
 c - a scroll of vulnerability {unknown}
 d - a scroll of enchant weapon {unknown}
 e - 2 scrolls of enchant armour {unknown}
 g - 3 scrolls of teleportation {unknown}
 h - a scroll of silence {unknown}
 i - 3 scrolls of identify {unknown}
 o - a scroll of magic mapping {unknown}
 s - a scroll of noise {unknown}
Potions
 b - a potion of magic
 k - a potion of berserk rage {unknown}
 m - a potion of curing
 n - 2 potions of brilliance
 p - 2 potions of attraction {unknown}
 r - a potion of invisibility {unknown}
 u - a potion of flight {unknown}


   Skills:
 - Level 2.4 Dodging
 - Level 2.4 Stealth
 * Level 1.2 Shields
 + Level 4.3 Spellcasting
 + Level 1.1 Conjurations
 - Level 6.0 Necromancy
 + Level 1.2 Fire Magic


You had 2 spell levels left.
You knew the following spells:

 Your Spells              Type           Power      Damage    Failure   Level
a - Necrotise             Necr           100%       1d9       1%          1
b - Vampiric Draining     Necr           31%        2d8       2%          3
c - Animate Dead          Necr           31%        N/A       9%          4
d - Foxfire               Conj/Fire      40%        2x1d6     7%          1

Your spell library contained the following spells:

 Spells                   Type           Power      Damage    Failure   Level
 Agony                    Necr           31%        N/A       26%         5
 Kindle Blastsparks       Fire/Tloc/Air  12%        2d11      28%         3
 Fulminant Prism          Conj/Hex       3%         3d5       63%         4
 Iskenderun's Mystic Bla  Conj/Tloc      7%         2d4       63%         4
 Fireball                 Conj/Fire      5%         3d5       88%         5
 Lee's Rapid Deconstruct  Erth           2%         3d4*      96%         5
 Starburst                Conj/Fire      5%         6d4       100%        6


Dungeon Overview and Level Annotations

Branches:
Dungeon (3/15)

Altars:

Annotations:
D:3 Robin


Message History

Robin hits you with a +2 falchion of freezing.
Robin freezes you. The goblin hits you with a +0 club.
The goblin attacks as you move away! The goblin hits you with a +0 club.
Your reaping aura is weakening.
Your goblin zombie closely misses the goblin.
Casting: Foxfire (safe; 7% risk of failure)
Confirm with . or Enter, or press ? or * to list all spells.
You dismiss your zombies and call upon the dead to rise afresh.
Your goblin zombie crumbles into dust! x4
The goblin misses you.
Robin hits you with a +2 falchion of freezing.
* * * LOW HITPOINT WARNING * * *
Robin freezes you.
* * * LOW HITPOINT WARNING * * *
Casting: Animate Dead (extremely dangerous; 9% risk of failure)
Confirm with . or Enter, or press ? or * to list all spells.
You conjure some foxfire!
The goblin shouts!
The bat hits you but does no damage. The bat closely misses you.
The foxfire hits the bat but does no damage.
A hobgoblin comes into view.
Robin roars a battlecry!
The goblins go into a battle-frenzy!
The goblin barely misses you.
Your foxfire dissipates!
Robin attacks as you move away! Robin closely misses you.
Found a stone staircase leading up.
The bat hits you but does no damage.
A worm comes into view.
Casting: Foxfire (safe; 7% risk of failure)
Confirm with . or Enter, or press ? or * to list all spells.
You conjure some foxfire!
The bat closely misses you. Robin throws the goblin at you!
The goblin barely misses you.
Your foxfire dissipates!
The bat attacks as you move away! The bat hits you.
* * * LOW HITPOINT WARNING * * *
The foxfire hits Robin.
Robin is moderately wounded.
The bat misses you. The bat hits you but does no damage.
The goblin hits you with a +0 club.
You die...

. .# #... .. ..
.###... ###.. . ...
§v##g# ... <. ..
#.##g##w# ...
#.##.##.g..##....
#..))))..g....#
####.####g.#### #.#
#bg# #.# #@g#
#.#######.####..#
#.##.............#
###.##.###.#######.#
#......###.# ..
#........#.# ##.
..#.##.#.#.#### ##
..#.##..#.....####
).#.##...........#


You could see a worm, Robin, 2 hobgoblins, 4 goblins and a bat.

Vanquished Creatures
  Natasha (thrice) (D:2)
  A worm (D:2)
  2 dart slugs (D:1)
  A ball python (D:2)
  6 bats
  3 endoplasms
  A giant cockroach (D:2)
  7 goblins
  2 hobgoblins (D:1)
  A kobold (D:1)
  4 quokkas
  3 frilled lizards (D:1)
  6 rats (D:1)
40 creatures vanquished.

Vanquished Creatures (collateral kills)
  3 goblins
3 creatures vanquished.

Vanquished Creatures (others)
  5 foxfires (D:3)
5 creatures vanquished.

Grand Total: 48 creatures vanquished

Notes
Turn   | Place    | Note
-------+----------+-------------------------------------------
     0 | D:1      | ryw the Deep Elf Necromancer began the quest for the Orb.
     0 | D:1      | Reached XP level 1. HP: 10/10 MP: 6/6
   150 | D:1      | Reached skill level 5 in Necromancy
   245 | D:1      | Reached XP level 2. HP: 15/15 MP: 5/8
   999 | D:1      | Reached XP level 3. HP: 19/19 MP: 6/10
  1050 | D:1      | Learned a level 3 spell: Vampiric Draining
  1303 | D:2      | Learned a level 1 spell: Foxfire
  1804 | D:2      | Noticed Natasha
  1806 | D:2      | Killed Natasha
  1807 | D:2      | Reached XP level 4. HP: 24/24 MP: 6/11
  1945 | D:2      | Noticed Natasha
  1950 | D:2      | Killed Natasha
  1951 | D:2      | Reached skill level 6 in Necromancy
  2070 | D:2      | Noticed Natasha
  2076 | D:2      | Killed Natasha
  2077 | D:2      | Reached skill level 1 in Shields
  2077 | D:2      | Reached skill level 1 in Conjurations
  2077 | D:2      | Reached skill level 1 in Fire Magic
  2177 | D:3      | Learned a level 4 spell: Animate Dead
  2307 | D:3      | Noticed Robin
  2326 | D:3      | Slain by a goblin

Illustrated notes

Levels and vault maps discovered:
D:1:      reono_arrival_forest_river, layout_loops_corners
D:2:      layout_basic, uniq_natasha
D:3:      layout_loops_cross, mainiacjoe_overflow_concentric_impassable,
          portal_sewer_entry_f, uniq_robin

Skill      XL: |  1  2  3  4 |
---------------+-------------+-----
Necromancy     | 5 6 |  6.0
Spellcasting   | 4 |  4.3
Shields        | 1 |  1.2
Conjurations   | 1 |  1.1
Fire Magic     | 1 |  1.2
Dodging        | |  2.4
Stealth        | |  2.4

Action                   |  1- 3 |  4- 6 || total
-------------------------+-------+-------++-------
 Cast: Necrotise         |    60 |     5 ||    65
       Vampiric Draining |     1 |     5 ||     6
       Foxfire           |       |     5 ||     5
       Animate Dead      |       |     2 ||     2
Armor: Robe              |     2 |     4 ||     6
Dodge: Dodged            |     4 |    10 ||    14

Table legend: (Time is in decaauts)
 A = Elapsed time spent in this place.
 B = Non-inter-level travel time spent in this place.
 C = Inter-level travel time spent in this place.
 D = Time resting spent in this place.
 E = Time spent auto-exploring this place.
 F = Levels seen in this place.
 G = Mean time per level.
                   A        B        C        D        E       F      G
               +--------+--------+--------+--------+--------+-----+--------+
         Total |   2329 |   2112 |    217 |      0 |   1828 |   3 |  776.3 |
       Dungeon |   2329 |   2112 |    217 |      0 |   1828 |   3 |  776.3 |
               +--------+--------+--------+--------+--------+-----+--------+

Top non-repeatable levels by time:
     D:1: 1218 daAuts
     D:2: 933 daAuts
     D:3: 176 daAuts
